 Dungeon Crawl Stone Soup version 0.26-a0-639-g72c4674329 (webtiles) character file.

Game seed: 13565729124287181743

1372 Peloso the Shield-Bearer (level 8, -1/67 HPs)
             Began as a Gnoll Fighter on Sept 20, 2020.
             Slain by a slime creature (16 damage)
             ... on level 6 of the Dungeon.
             The game lasted 00:14:13 (6755 turns).

Peloso the Shield-Bearer (Gnoll Fighter)            Turns: 6755, Time: 00:14:14

Health: -1/67      AC: 13    Str: 26    XL:     8   Next: 66%
Magic:  13/13      EV:  9    Int: 11    God:
Gold:   458        SH: 12    Dex: 15    Spells: 13/13 levels left

rFire    . . .     SeeInvis .   a - +0 long sword
rCold    . . .     Faith    .   c - +0 kite shield
rNeg     . . .     Spirit   .   p - +0 chain mail
rPois    .         Reflect  .   (no helmet)
rElec    .         Harm     .   t - +1 cloak
rCorr    +         Rampage  .   (no gloves)
MR       .....                  (no boots)
Stlth    ..........             (no amulet)
HPRegen  0.21/turn              F - +6 ring of strength
MPRegen  0.13/turn              D - ring of resist corrosion

@: no status effects
A: distributed training, fangs 1, strong nose
a: no special abilities


You were on level 6 of the Dungeon.
You visited 2 branches of the dungeon, and saw 8 of its levels.
You also visited: Ossuary.

You collected 458 gold pieces.

Inventory:

Hand Weapons
 a - a +0 long sword (weapon)
Armour
 b - a +0 scale mail
 c - a +0 kite shield (worn)
 f - a +0 cloak
 p - a +0 chain mail (worn)
 t - a +1 cloak (worn)
Jewellery
 g - an uncursed ring of ice
 h - an uncursed ring of poison resistance
 x - an uncursed ring of protection from cold
 D - a ring of resist corrosion (right hand)
 F - a +6 ring of strength (left hand)
 J - an uncursed ring of protection from cold
Wands
 l - a wand of flame (37)
 A - a wand of random effects (12)
Scrolls
 e - a scroll of teleportation
 k - 3 scrolls of remove curse
 m - 2 scrolls of enchant armour
 u - 3 scrolls of magic mapping
 v - a scroll of immolation
 w - a scroll of amnesia
 y - a scroll of silence {unknown}
 E - a scroll of noise
 G - a scroll of fog {unknown}
 H - a scroll of enchant weapon {unknown}
 I - a scroll of identify
Potions
 d - 2 potions of might
 i - a potion of stabbing
 j - a potion of invisibility {unknown}
 n - a potion of brilliance
 o - 3 potions of haste {unknown}
 q - a potion of mutation
 r - 2 potions of flight
 s - a potion of berserk rage {unknown}
 z - a potion of curing {unknown}
 B - a potion of heal wounds
 C - a potion of degeneration {unknown}


   Skills:
 + Level 7.4 Fighting
 + Level 3.4 Short Blades
 + Level 5.8 Long Blades
 + Level 3.4 Axes
 + Level 3.4 Maces & Flails
 + Level 3.4 Polearms
 + Level 3.4 Staves
 + Level 3.4 Slings
 + Level 3.4 Bows
 + Level 3.4 Crossbows
 + Level 3.4 Throwing
 + Level 7.4 Armour
 + Level 3.4 Dodging
 + Level 3.4 Stealth
 + Level 7.4 Shields
 + Level 3.4 Unarmed Combat
 + Level 3.4 Spellcasting
 + Level 2.8 Conjurations
 + Level 2.8 Hexes
 + Level 2.8 Summonings
 + Level 2.8 Necromancy
 + Level 2.8 Translocations
 + Level 2.8 Transmutations
 + Level 2.8 Fire Magic
 + Level 2.8 Ice Magic
 + Level 2.8 Air Magic
 + Level 2.8 Earth Magic
 + Level 2.8 Poison Magic
 + Level 3.8 Invocations
 + Level 3.4 Evocations


You had 13 spell levels left.
You didn't know any spells.
Your spell library contained the following spells:

 Spells                   Type           Power        Failure   Level
 Beastly Appendage        Tmut           #.....       73%         1
 Wereblood                Tmut           #.......     86%         2
 Spider Form              Tmut/Pois      #.........   97%         3
 Ice Form                 Ice/Tmut       #.......     100%        4
 Blade Hands              Tmut           #.........   100%        5


Dungeon Overview and Level Annotations

Branches:
Dungeon (7/15)             Temple (1/1) D:6         Ossuary (visited)

Altars:
Ashenzari
Cheibriados
Dithmenos
Fedhas
Gozag
Hepliaklqana
Makhleb
Nemelex Xobeh
Qazlal
Ru
Sif Muna
Trog
Uskayaw
Vehumet
Wu Jian
Xom
Yredelemnul
Zin
The Shining One

Annotations:
D:4 3 runed translucent doors, fly's ghost, novice MiFi


Innate Abilities, Weirdness & Mutations

Your experience applies equally to all skills.
You have very sharp teeth.
Your uncanny sense of smell can sniff out nearby items.


Message History

You slash the slime creature!
The slime creature is lightly wounded.
You block the slime creature's attack.
You slash the slime creature!
The slime creature is moderately wounded.
You block the slime creature's attack.
You hit the slime creature.
The slime creature is moderately wounded.
The slime creature hits you!
* * * LOW HITPOINT WARNING * * *
You hit the slime creature.
The slime creature is moderately wounded.
You block the slime creature's attack.
You slash the slime creature!
The slime creature is heavily wounded.
You block the slime creature's attack. x2
You hit the slime creature.
The slime creature is heavily wounded.
The slime creature hits you!
You die...

#...............+....#...
###...........###[#....#...
#...........>.!...+........
#.###.........#.#.#........
#..........................
#..##.#..............###..#
######..##.#.......#.#.##.###..#
#..................#)..........#
####.#.....#...@...#.#.#........
#......)#...J#..........##.##
#######.........#...............
#.....'..............#.#........
#######[..#...#.#.#..#..........
#........#.#.#..#####......
#............#..#...#......
#......#.#.#....#...#......
#......#<..................


You could see a slime creature.

Vanquished Creatures
  2 sky beasts
  An ice beast (D:5)
  An ogre (D:6)
  An elf zombie (Ossuary)
  Blork the orc (D:5)
  A bullfrog (D:6)
  A jelly (D:7)
  3 hounds
  3 orc priests
  2 bullfrog skeletons (D:4)
  Natasha (twice) (D:2)
  3 orc wizards
  A hound zombie (D:5)
  A hound skeleton (D:5)
  3 mummies (Ossuary)
  A worker ant zombie (D:5)
  A howler monkey zombie (D:5)
  3 gnolls (D:6)
  13 adders
  A howler monkey skeleton (D:5)
  2 white imps (D:5)
  2 oozes
  3 adder zombies (Ossuary)
  An adder skeleton (D:5)
  4 worms
  3 dart slugs
  4 leopard geckos
  19 orcs
  3 giant cockroaches
  8 goblins
  3 hobgoblins
  A jackal (D:6)
  10 kobolds
  3 quokkas
  A ball python (D:2)
  10 bats
  4 frilled lizards
  A giant cockroach zombie (D:4)
  A goblin zombie (Ossuary)
  4 hobgoblin zombies (Ossuary)
  2 kobold zombies (Ossuary)
  5 quokka zombies
  6 rats
  3 rat zombies
148 creatures vanquished.

Notes
Turn   | Place    | Note
-------+----------+-------------------------------------------
     0 | D:1      | Peloso the Gnoll Fighter began the quest for the Orb.
     0 | D:1      | Reached XP level 1. HP: 23/23 MP: 1/1
   162 | D:1      | Reached XP level 2. HP: 29/29 MP: 2/2
   616 | D:1      | Reached XP level 3. HP: 35/35 MP: 3/3
   867 | D:2      | Reached skill level 1 in Invocations
   986 | D:2      | Noticed Natasha
   988 | D:2      | Killed Natasha
   988 | D:2      | Reached skill level 1 in Short Blades
   988 | D:2      | Reached skill level 1 in Axes
   988 | D:2      | Reached skill level 1 in Maces & Flails
   988 | D:2      | Reached skill level 1 in Polearms
   988 | D:2      | Reached skill level 1 in Staves
   988 | D:2      | Reached skill level 1 in Slings
   988 | D:2      | Reached skill level 1 in Bows
   988 | D:2      | Reached skill level 1 in Crossbows
   988 | D:2      | Reached skill level 1 in Throwing
   988 | D:2      | Reached skill level 1 in Dodging
   988 | D:2      | Reached skill level 1 in Stealth
   988 | D:2      | Reached skill level 1 in Unarmed Combat
   988 | D:2      | Reached skill level 1 in Spellcasting
   988 | D:2      | Reached skill level 1 in Evocations
   988 | D:2      | Reached XP level 4. HP: 39/41 MP: 5/5
  1274 | D:2      | Noticed Natasha
  1285 | D:2      | Killed Natasha
  1285 | D:2      | Reached skill level 1 in Conjurations
  1285 | D:2      | Reached skill level 1 in Hexes
  1285 | D:2      | Reached skill level 1 in Summonings
  1285 | D:2      | Reached skill level 1 in Necromancy
  1285 | D:2      | Reached skill level 1 in Translocations
  1285 | D:2      | Reached skill level 1 in Transmutations
  1285 | D:2      | Reached skill level 1 in Fire Magic
  1285 | D:2      | Reached skill level 1 in Ice Magic
  1285 | D:2      | Reached skill level 1 in Air Magic
  1285 | D:2      | Reached skill level 1 in Earth Magic
  1285 | D:2      | Reached skill level 1 in Poison Magic
  1547 | D:3      | Reached XP level 5. HP: 34/47 MP: 6/6
  1889 | D:3      | Found a snail-covered altar of Cheibriados.
  2489 | D:3      | Found a bloodstained altar of Trog.
  2543 | D:4      | Found a radiant altar of Vehumet.
  2596 | D:4      | Found a sand-covered staircase.
  2619 | Ossuary  | Entered an ossuary
  2647 | Ossuary  | Reached XP level 6. HP: 37/53 MP: 8/8
  2772 | Ossuary  | Reached skill level 5 in Long Blades
  3145 | D:4      | Found a basalt altar of Yredelemnul.
  3146 | D:4      | Found a hide-covered altar of Uskayaw.
  3498 | D:4      | Found a runed translucent gate.
  3498 | D:4      | Found a runed translucent gate.
  3498 | D:4      | Found a runed translucent gate.
  3504 | D:4      | Noticed fly's ghost (novice MiFi)
  3926 | D:5      | Entered Level 5 of the Dungeon
  3940 | D:5      | Reached XP level 7. HP: 59/59 MP: 10/10
  3965 | D:5      | Noticed Blork the orc
  3977 | D:5      | Killed Blork the orc
  4965 | D:5      | Reached XP level 8. HP: 54/67 MP: 12/12
  5035 | D:5      | Found an opulent altar of Gozag.
  5394 | D:6      | Found a sparkling altar of Nemelex Xobeh.
  5787 | D:6      | Found a staircase to the Ecumenical Temple.
  5801 | Temple   | Entered the Ecumenical Temple
  6092 | D:6      | Found a sacrificial altar of Ru.
  6626 | D:7      | Noticed a slime creature
  6627 | D:7      | Noticed a slime creature
  6631 | D:7      | Noticed a slime creature
  6755 | D:6      | Slain by a slime creature

Illustrated notes

Levels and vault maps discovered:
D:1:      ncdulo_wetmaze, layout_basic
D:2:      layout_loops_ring, uniq_natasha
D:3:      minmay_spotlight, layout_basic, lightli_temple_of_fire,
          minmay_door_square, kennysheep_slug_shrine
D:4:      layout_basic, gammafunk_temple_overflow_pools,
          gammafunk_ghost_necromancy, enter_ossuary_4, vehumet_altar_wand_db
D:5:      layout_cave_pods, serial_glass, glass_columns_a, glass_columns_c,
          grunt_gozag_statues, uniq_blork_the_orc
D:6:      layout_basic, nicolae_ru_great_annihilating_truth,
          minmay_temple_entry_slanted, nemelex_dance_club_becter
D:7:      layout_loops_ring, nicolae_overflow_crystal_walls, serial_shops,
          nicolae_shop_behind_doors, shop, shop, uniq_pikel
Temple:   eino_wide_crystal_templ

Skill      XL: |  1  2  3  4  5  6  7  8 |
---------------+-------------------------+-----
Invocations    | 1 2 3 |  3.8
Short Blades   | 1 2 3 |  3.4
Axes           | 1 2 3 |  3.4
Maces & Flails | 1 2 3 |  3.4
Polearms       | 1 2 3 |  3.4
Staves         | 1 2 3 |  3.4
Slings         | 1 2 3 |  3.4
Bows           | 1 2 3 |  3.4
Crossbows      | 1 2 3 |  3.4
Throwing       | 1 2 3 |  3.4
Dodging        | 1 2 3 |  3.4
Stealth        | 1 2 3 |  3.4
Unarmed Combat | 1 2 3 |  3.4
Spellcasting   | 1 2 3 |  3.4
Evocations     | 1 2 3 |  3.4
Conjurations   | 1 2 |  2.8
Hexes          | 1 2 |  2.8
Summonings     | 1 2 |  2.8
Necromancy     | 1 2 |  2.8
Translocations | 1 2 |  2.8
Transmutations | 1 2 |  2.8
Fire Magic     | 1 2 |  2.8
Ice Magic      | 1 2 |  2.8
Air Magic      | 1 2 |  2.8
Earth Magic    | 1 2 |  2.8
Poison Magic   | 1 2 |  2.8
Long Blades    | 5 |  5.8
Fighting       | 7 |  7.4
Armour         | 7 |  7.4
Shields        | 7 |  7.4

Action                   |  1- 3 |  4- 6 |  7- 9 || total
-------------------------+-------+-------+-------++-------
Melee: Long sword        |    61 |   268 |   259 ||   588
       Bite              |    14 |    24 |    43 ||    81
Evoke: Wand              |       |       |     1 ||     1
  Use: Scroll            |     1 |     8 |     3 ||    12
       Potion            |     1 |     5 |     1 ||     7
Armor: Scale mail        |    15 |    44 |       ||    59
       Chain mail        |       |    71 |   105 ||   176
Dodge: Dodged            |    19 |    73 |    67 ||   159
Block: Kite shield       |    34 |   194 |   140 ||   368
       Rpst.: Long sword |     7 |    23 |    22 ||    52

Table legend: (Time is in decaauts)
 A = Elapsed time spent in this place.
 B = Non-inter-level travel time spent in this place.
 C = Inter-level travel time spent in this place.
 D = Time resting spent in this place.
 E = Time spent auto-exploring this place.
 F = Levels seen in this place.
 G = Mean time per level.
                   A        B        C        D        E       F      G
               +--------+--------+--------+--------+--------+-----+--------+
         Total |   6876 |   6738 |    138 |    113 |   4871 |   9 |  764.0 |
       Dungeon |   6414 |   6276 |    138 |     21 |   4674 |   7 |  916.3 |
        Temple |     63 |     63 |      0 |      0 |     42 |   1 |   63.0 |
       Ossuary |    398 |    398 |      0 |     92 |    155 |   1 |  398.0 |
               +--------+--------+--------+--------+--------+-----+--------+

Top non-repeatable levels by time:
     D:5: 1367 daAuts
     D:6: 1222 daAuts
     D:3: 1137 daAuts
     D:4: 1034 daAuts
     D:1: 797 daAuts
     D:2: 633 daAuts
 Ossuary: 398 daAuts
     D:7: 221 daAuts
  Temple: 63 daAuts
